 Dungeon Crawl Stone Soup version 0.31.0-11-ge490571c62 (webtiles) character file.

Game seed: 6242172766126537767

2541 bearlyready the Grappler (level 9, -5/84 HPs)
             Began as a Troll Shapeshifter on Feb 10, 2024.
             Was an Initiate of Ashenzari.
             Slain by a troll (7 damage)
             ... on level 7 of the Dungeon.
             The game lasted 00:09:06 (4967 turns).

bearlyready the Grappler (Troll Shapeshifter)       Turns: 4967, Time: 00:09:06

Health: -5/84      AC:  4    Str: 34    XL:     9   Next: 30%
Magic:  8/8        EV:  9    Int:  6    God:    Ashenzari [......]
Gold:   434        SH:  0    Dex:  9    Spells: 8/8 levels left

rFire   . .          .
                       - Unarmed
rCold   . . .        (no shield)
rNeg    . . .        a - +0 animal skin
rPois   .            (helmet currently unavailable)
rElec   .            (cloak currently unavailable)
rCorr   .            (gloves unavailable)
SInv    .            (boots unavailable)
Will    .....        (no amulet)
Stlth   +            f - ring of flight
HPRegen 1.14/turn    G - +6 ring of strength
MPRegen 0.11/turn

%: no passive effects
@: beast-form, flying
A: beast (slay +4), large, unfitting armour, claws 3, regeneration 1, shaggy fur
1, tough skin 1
a: Begin Untransformation, Renounce Religion


You were on level 7 of the Dungeon.
You worshipped Ashenzari.
Ashenzari was noncommittal.
You were a hulking beast.
You visited 2 branches of the dungeon, and saw 8 of its levels.

You collected 434 gold pieces.

Inventory:

Missiles
 h - 60 stones
 j - 5 silver javelins
 k - 10 boomerangs
 n - 4 atropa-tipped darts
 u - 4 poisoned darts (quivered)
 C - 4 throwing nets
 Q - a curare-tipped dart
Armour
 a - a +0 animal skin (worn)
 t - a +0 cloak
 K - an orb of wrath
Jewellery
 f - a ring of flight (left claw)
 G - a +6 ring of strength (right claw)
 O - a +5 ring of evasion
Talismans
 c - a beast talisman
 d - a flux talisman
 q - a serpent talisman
Wands
 b - a wand of mindburst (13)
 F - a wand of light (4)
 M - a wand of iceblast (7)
 N - a wand of paralysis (21)
Scrolls
 e - 5 scrolls of identify {unknown}
 g - 2 scrolls of immolation {unknown}
 l - 2 scrolls of fear {unknown}
 m - 2 scrolls of enchant armour {unknown}
 v - 4 scrolls of vulnerability {unknown}
 w - 4 scrolls of teleportation {unknown}
 x - a scroll of noise {unknown}
 y - a scroll of enchant weapon {unknown}
 A - 2 scrolls of fog {unknown}
 B - a scroll of poison {unknown}
 H - a scroll of brand weapon {unknown}
 I - a scroll of amnesia {unknown}
Potions
 i - a potion of enlightenment {unknown}
 o - a potion of haste
 p - 2 potions of resistance {unknown}
 r - 2 potions of curing
 s - 2 potions of might
 z - a potion of heal wounds {unknown}
 D - a potion of attraction {unknown}
 E - a potion of mutation {unknown}
 J - 2 potions of brilliance {unknown}
 L - a potion of degeneration {unknown}
 P - a potion of berserk rage {unknown}


   Skills:
 + Level 4.1 Fighting
 - Level 3.0 Throwing
 - Level 1.5 Dodging
 + Level 8.4 Unarmed Combat
 + Level 7.7 Shapeshifting


You had 8 spell levels left.
You didn't know any spells.
Your spell library contained the following spells:

 Spells                   Type           Power      Damage    Failure   Level
 Necrotise                Necr           0%         1d4       45%         1
 Lesser Beckoning         Tloc           0%         N/A       58%         2
 Gell's Gravitas          Tloc           0%         N/A       83%         3
 Teleport Other           Tloc           0%         N/A       83%         3
 Vampiric Draining        Necr           0%         2d6       83%         3
 Volatile Blastmotes      Fire/Tloc      0%         2d10      83%         3
 Fulminant Prism          Conj/Alch      0%         3d5       99%         4
 Iskenderun's Mystic Bla  Conj/Tloc      0%         2d3       99%         4
 Martyr's Knell           Necr/Summ      0%         N/A       99%         4
 Curse of Agony           Necr           0%         N/A       100%        5
 Dispersal                Tloc           0%         N/A       100%        6


Dungeon Overview and Level Annotations

Branches:
Dungeon (7/15)             Temple (1/1) D:7

Altars:
Ashenzari
Cheibriados
Dithmenos
Elyvilon
Kikubaaqudgha
Nemelex Xobeh
Okawaru
Qazlal
Trog
Uskayaw
Xom
Yredelemnul
The Shining One

Shops:
D:5 [:[

Annotations:
Temple 2 transporters


Innate Abilities, Weirdness & Mutations

You are a hulking beast.
Your limbs bulge with bestial killing power. (Slay +4)
You are too large for most types of armour.
You have claws for hands.
Your natural rate of healing is unusually fast.
You are covered in fur. (AC +1)
You have tough skin. (AC +1)


Message History

The troll bites you! The troll claws you but does no damage.
The troll claws you.
You claw the troll!
The troll is lightly wounded.
The troll bites you! The troll barely misses you. The troll claws you.
You are too injured to fight recklessly!
You are too injured to fight recklessly!
You are too injured to fight recklessly!
You are too injured to fight recklessly!
You are too injured to fight recklessly!
You are too injured to fight recklessly!
You are too injured to fight recklessly!
You claw the troll!
The troll is moderately wounded.
You barely miss the troll.
The troll is moderately wounded.
The troll barely misses you. The troll claws you. x2
You barely miss the troll.
The troll is moderately wounded.
The troll bites you! The troll claws you. The troll barely misses you.
Aiming: Bolt of Light
Press: ? - help, Shift-Dir - straight line, f - troll
Aim: a troll (moderately wounded, 71% to hit)
The bolt of light hits the troll!
The troll is heavily wounded.
The troll is blinded.
The troll closely misses you. The troll barely misses you. The troll claws you!
* * * LOW HITPOINT WARNING * * *
You claw the troll!
The troll is almost dead.
The troll completely misses you. The troll claws you.
* * * LOW HITPOINT WARNING * * *
The troll claws you!
* * * LOW HITPOINT WARNING * * *
You closely miss the troll.
The troll is almost dead.
The troll bites you.
* * * LOW HITPOINT WARNING * * *
The troll claws you!
You die...

######.##
#.......#
#.####..#
#.##....#
#.##.##.#
#.##.##.#
#.......#
.########)####
......Th..#
###########


You could see a troll (blind, unable to see you).

Vanquished Creatures
  2 water moccasins
  2 ice beasts (D:6)
  A sky beast (D:7)
  2 black bears
  2 centaurs
  A kobold brigand (D:7)
  A phantom (D:5)
  2 bullfrogs (D:7)
  A scorpion (D:6)
  3 killer bees (D:7)
  A howler monkey (D:6)
  2 bombardier beetles
  10 hounds
  5 gnoll boudas
  A jelly (D:6)
  4 iguanas
  6 orc wizards
  13 adders
  17 gnolls
  A white imp (D:7)
  An ufetubus (D:7)
  A ribbon worm (D:2)
  5 dart slugs
  24 orcs
  7 ball pythons
  6 bats
  8 endoplasms
  3 giant cockroaches
  5 goblins
  6 hobgoblins
  2 jackals (D:3)
  11 kobolds
  8 quokkas
  2 frilled lizards (D:1)
  7 rats
173 creatures vanquished.

Notes
Turn   | Place    | Note
-------+----------+-------------------------------------------
     0 | D:1      | bearlyready the Troll Shapeshifter began the quest for the
                  | Orb.
     0 | D:1      | Reached XP level 1. HP: 18/18 MP: 0/0
   259 | D:1      | Reached XP level 2. HP: 26/26 MP: 1/1
   843 | D:2      | Reached XP level 3. HP: 32/32 MP: 2/2
  1158 | D:2      | Reached skill level 4 in Unarmed Combat
  1343 | D:3      | Reached XP level 4. HP: 40/40 MP: 3/3
  1683 | D:3      | Reached XP level 5. HP: 27/46 MP: 4/4
  2228 | D:3      | Noticed a water moccasin
  2247 | D:3      | Killed a water moccasin
  2248 | D:3      | Reached skill level 5 in Unarmed Combat
  2248 | D:3      | Reached skill level 5 in Shapeshifting
  2248 | D:3      | Reached XP level 6. HP: 54/54 MP: 5/5
  2927 | D:5      | Entered Level 5 of the Dungeon
  3028 | D:5      | Reached skill level 6 in Unarmed Combat
  3028 | D:5      | Reached XP level 7. HP: 28/61 MP: 6/6
  3264 | D:5      | Found Bisoett's Antique Armour Shop.
  3431 | D:5      | Found Haqawka's Tiny Tomes.
  3476 | D:5      | Reached skill level 1 in Fighting
  3541 | D:5      | Reached skill level 1 in Throwing
  3588 | D:5      | Reached XP level 8. HP: 57/71 MP: 7/7
  3596 | D:5      | Reached skill level 7 in Unarmed Combat
  3664 | D:5      | Found Cithrola's Antique Armour Emporium.
  4617 | D:7      | Reached skill level 8 in Unarmed Combat
  4617 | D:7      | Reached XP level 9. HP: 58/83 MP: 8/8
  4736 | D:7      | Found a staircase to the Ecumenical Temple.
  4762 | Temple   | Found a transporter.
  4762 | Temple   | Found a transporter.
  4762 | Temple   | Found a transporter.
  4762 | Temple   | Found a transporter.
  4762 | Temple   | Entered the Ecumenical Temple
  4793 | Temple   | Became a worshipper of Ashenzari the Shackled
  4958 | D:7      | Noticed a troll
  4967 | D:7      | HP: 2/84 [troll (5)]
  4967 | D:7      | Slain by a troll

Illustrated notes

Levels and vault maps discovered:
D:1:      lightli_arrival_flooded_house, layout_loops_ring,
          minmay_close_crescents
D:2:      layout_basic
D:3:      layout_basic, minmay_divided_ellipse
D:4:      layout_basic
D:5:      layout_cave_pools, serial_gnoll_camp, gnoll_camp_mini_doghouse,
          gnoll_camp_mini_house, gnoll_camp_mini_hut, gnoll_camp_mini_house,
          gnoll_camp_mini_shop, serial_shops, shop,
          nicolae_shop_i_like_small_books_too
D:6:      layout_loops_ring
D:7:      layout_loops_cross, temple_statues,
          serial_library_hellmonk_small_alcove,
          minmay_fractal_squares_diagonal_5, uniq_joseph
Temple:   hellmonk_temple_divided_pantheon

Skill      XL: |  1  2  3  4  5  6  7  8  9 |
---------------+----------------------------+-----
Unarmed Combat | 4 5 6 8 |  8.4
Shapeshifting  | 4 5 6 7 |  7.7
Fighting       | 1 3 4 |  4.1
Throwing       | 1 3 |  3.0
Dodging        | |  1.5

Action                     |  1- 3 |  4- 6 |  7- 9 || total
---------------------------+-------+-------+-------++-------
  Melee: Unarmed           |    80 |   127 |   204 ||   411
         Punch             |     1 |       |     6 ||     7
  Throw: Stone             |       |       |     1 ||     1
  Evoke: Wand              |       |       |     3 ||     3
    Use: Potion            |       |     2 |     4 ||     6
 Armour: Animal skin       |    48 |    77 |   165 ||   290
         Skin              |       |    15 |    22 ||    37
  Dodge: Dodged            |    39 |    49 |    87 ||   175
